 Dungeon Crawl Stone Soup version 0.28-a0-1152-g9c71ebef14 (webtiles) character file.

Game seed: 7924365619345502722

2 spaghetti the Sneak (level 1, -2/16 HPs)
             Began as an Octopode Delver on Dec 14, 2021.
             Slain by an orc wizard (4 damage)
             ... on level 4 of the Dungeon.
             The game lasted 00:00:32 (94 turns).

spaghetti the Sneak (Octopode Delver)                 Turns: 94, Time: 00:00:33

Health: -2/16      AC:  1    Str: 11    XL:     1   Next: 30%
Magic:  1/1        EV: 13    Int: 12    God:
Gold:   0          SH:  0    Dex: 13    Spells: 0/0 levels left

rFire   . . .      SeeInvis .   a - +0 hand axe {axe}
rCold   . . .      Faith    .   (no shield)
rNeg    . . .      Spirit   .   (helmet restricted)
rPois   .          Reflect  .   (no amulet)
rElec   .          Harm     .   (no ring)
rCorr   .          Rampage  .   (no ring)
Will    .....                   (no ring)
Stlth   ++++......              (no ring)
HPRegen 0.05/turn               (no ring)
MPRegen 0.07/turn               (no ring)
                                (no ring)
                                (no ring)

@: no status effects
A: almost no armour, amphibious, 8 rings, camouflage 1, gelatinous body 1,
(nimble swimmer 1), tentacles
a: no special abilities


You were on level 4 of the Dungeon.
You visited 1 branch of the dungeon, and saw 2 of its levels.


Innate Abilities, Weirdness & Mutations

You cannot wear most types of armour.
You are amphibious.
You can wear up to eight rings at the same time.
Your skin changes colour to match your surroundings (Stealth+).
Your rubbery body absorbs attacks. (AC +1, EV +1)
((You are camouflaged near water. (Stealth+)))
You have tentacles for arms and can constrict up to eight enemies at once.


   Skills:
 + Level 3.1 Fighting
 - Level 2.0 Axes
 - Level 2.0 Dodging
 - Level 6.6 Stealth


You couldn't memorise any spells.
You didn't know any spells.
Your spell library was empty.

Inventory:

Hand Weapons
 a - a +0 hand axe (weapon) {axe}
Missiles
 c - 14 stones (quivered) {throwing}
Jewellery
 d - a ring of resist corrosion
   (You found it on level 4 of the Dungeon)
Wands
 f - a wand of digging (3)
Scrolls
 b - a scroll of fog
Potions
 e - a potion of haste {@q3}

Dungeon Overview and Level Annotations

Branches:
Dungeon (5/15)
 Temple: D:4-7

Altars:

#############
######............
*******
#.o...o..#.##..##.
,,,,,,*
#.####.#........#.
,****,*
#.####.#..........
** *,* ***
#@##......o.....(. *
*,*****,**
#.##.#.#..)..#.... *
*,,,,,,,,*
#.##.#............
*******,**
#.##,###.#.#####.#
*,* #..,,,...### #.#
*****,***###,,.....*
#.# *,,,,,,,*
*,#####.* ##'# *
*,***,*,* *,* *.*
##... ** *,,,,,*,*
*,* *.# ##....


You could see an orc.


Message History

Options error: Delay interrupt name "hungry" not recognised. (~/.crawlrc:4771) ✅ Successfully initialized magus.rc [v1.9.6] Welcome, spaghetti the Octopode Delver.
You feel drawn to the Orb of Zot, downwards into the unfathomable depths...
Press ? for a list of commands and other information.
Found 14 stones and 9 gold pieces.
Found a stone staircase leading down and a stone staircase leading up.
Unknown command.
(D) Dungeon
Where to? (? - help)
There is a stone staircase leading up here.
You climb upwards.
There is a stone staircase leading down here.
Unknown command.
Unknown command.
Unknown command.
Really read
c - a scroll of magic mapping {!r}?
As you read the scroll of magic mapping {!r}, it crumbles to dust.
You feel aware of your surroundings.
You sensed 1 altar, and 1 shop/portal.
Unknown command.
Unknown command.
c - a scroll labelled BUGURAG GUMAMU You see here a +0 short sword {short}.
Found a stone staircase leading up.
As you read the scroll labelled BUGURAG GUMAMU, it crumbles to dust.
You feel strangely unstable.
It was a scroll of teleportation.
Unknown command.
Your surroundings suddenly seem different.
Unknown command.
Unknown command.
(D) Dungeon
Where to? (Enter - D:4, ? - help)
An ogre comes into view. It is wielding a +0 giant club.
Found a stone staircase leading up.
Unknown command.
c - 14 stones {throwing}
g - a viscous amethyst potion It was a potion of heal wounds.
You feel much better.
You open the door.
There is an open door here.
An orc comes into view. It is wielding a +0 club.
An orc is nearby!
An orc wizard comes into view. It is wielding a +0 dagger.
The helpless orc fails to defend itself.
You hit the orc. Your grab misses the orc.
The orc hits you with a +0 club. 😮 HP[-5]
You take 5 damage, and now have 11/16 hp.
MASSIVE DAMAGE!! (PAUSE)
You slash the orc!
You kill the orc!
An orc, an orc priest and an orc wizard come into view.
The orc is wielding a +0 club and quivering silver boomerangs.
The orc shouts!
The orc priest shouts!
The orc wizard shouts!
You see here a +0 club {mace}.
The orc closely misses you.
You barely miss the orc. You grab the orc.
You constrict the orc, but do no damage.
The orc priest calls down the wrath of Beogh upon you.
Pain shoots through your body! The orc hits you with a +0 club.
* * * LOW HITPOINT WARNING * * *
😨 HP[-3]
You take 3 damage, and now have 8/16 hp.
Unknown command.
Okay, then.
As you read the scroll of fear, it crumbles to dust.
You assume a fearsome visage.
The orc looks frightened!
The orc wizard looks frightened!
The orc priest looks frightened!
The orc wizard looks frightened!
The orc wizard shouts!
You constrict the orc.
The orc wizard casts a spell.
The orc wizard flickers and vanishes!
Deactivating autopickup; reactivate with Ctrl-A.
The orc wizard mumbles some strange words.
The orc wizard flickers and vanishes!
The orc struggles to escape constriction. 😮 HP[+1]
You release your grip on the orc.
Cornered, the orc turns to fight!
You see here a ring of resist corrosion.
d - a ring of resist corrosion The orc throws a silver boomerang.
The silver boomerang hits you.
* * * LOW HITPOINT WARNING * * *
x2 A puff of flame appears from out of thin air!
The puff of flame misses you. 😨 HP[-2]
You take 2 damage, and now have 7/16 hp.
Something hits you.
* * * LOW HITPOINT WARNING * * *
😨 HP[-2]
You take 2 damage, and now have 5/16 hp.
You miss something. Something hits you.
* * * LOW HITPOINT WARNING * * *
😱 HP[-3]
You take 3 damage, and now have 2/16 hp.
Okay, then.
Okay, then.
You hit something but do no damage. Something hits you.
You die...

Action                   || total
-------------------------++-------
Melee: Hand axe          ||     5
       Constrict         ||     1
  Use: Scroll            ||     3
       Potion            ||     1
 Stab: Sleeping          ||     1
Dodge: Dodged            ||     2

Levels and vault maps discovered:
D:4:      layout_loops_corners, mainiacjoe_overflow_surrounded_room,
          serial_shops, nicolae_lakefront_shop
D:5:      layout_basic, uniq_grinder

Notes
Turn   | Place    | Note
-------+----------+-------------------------------------------
     0 | D:5      | spaghetti the Octopode Delver began the quest for the Orb.
     0 | D:5      | Reached XP level 1. HP: 16/16 MP: 1/1
     0 | D:5      | magus.rc [v1.9.6]
    34 | D:4      | Noticed an ogre
    70 | D:4      | Noticed an orc wizard
    75 | D:4      | Noticed an orc wizard
    75 | D:4      | Noticed an orc priest
    93 | D:4      | HP: 2/16 [something (3)]
    94 | D:4      | Slain by an orc wizard

Vanquished Creatures
  An orc (D:4)
1 creature vanquished.

Table legend:
 A = Non-vault XP
 B = Vault XP
 C = Vault XP percentage of total XP
 D = Non-vault monster count
 E = Vault monster count
 F = Vault count percentage of total count
                 A         B        C        D         E       F
            +---------+---------+-------+---------+---------+-------
      Total |       3 |       0 |   0.0 |       1 |       0 |   0.0
            +---------+---------+-------+---------+---------+-------
        D:4 |       3 |       0 |   0.0 |       1 |       0 |   0.0
            +---------+---------+-------+---------+---------+-------

Illustrated notes

Table legend:
 A = Kills in this place as a percentage of kills in entire the game.
 B = Kills by you in this place as a percentage of kills by you in the entire game.
 C = Kills by friends in this place as a percentage of kills by friends in the entire game.
 D = Other kills in this place as a percentage of other kills in the entire game.
 E = Experience gained in this place as a percentage of experience gained in the entire game.
 F = Experience gained in this place divided by the number of levels of this place that you have seen.
                   A       B       C       D       E      F
               +-------+-------+-------+-------+-------+----------------------
         Total | 100.0 | 100.0 |   N/A |   N/A | 100.0 |   1.5
       Dungeon | 100.0 | 100.0 |   N/A |   N/A | 100.0 |   1.5
               +-------+-------+-------+-------+-------+----------------------

Table legend: (Time is in decaauts)
 A = Elapsed time spent in this place.
 B = Non-inter-level travel time spent in this place.
 C = Inter-level travel time spent in this place.
 D = Time resting spent in this place.
 E = Time spent auto-exploring this place.
 F = Levels seen in this place.
 G = Mean time per level.
                   A        B        C        D        E       F      G
               +--------+--------+--------+--------+--------+-----+--------+
         Total |     94 |     84 |     10 |      0 |     39 |   2 |   47.0 |
       Dungeon |     94 |     84 |     10 |      0 |     39 |   2 |   47.0 |
               +--------+--------+--------+--------+--------+-----+--------+

Top non-repeatable levels by time:
     D:4: 90 daAuts
     D:5: 4 daAuts
